 Dungeon Crawl Stone Soup version 0.30-a0-956-gcec3b41aec (webtiles) character file.

Game seed: 8555982055464781623

430 NotreDorf the Shield-Bearer (level 6, -1/62 HPs)
             Began as a Troll Fighter on Mar 29, 2023.
             Slain by a gnoll
             ... wielding a +0 halberd
             ... led by a gnoll sergeant
              (9 damage)
             ... on level 5 of the Dungeon.
             The game lasted 00:10:05 (2416 turns).

NotreDorf the Shield-Bearer (Troll Fighter)         Turns: 2416, Time: 00:10:05

Health: -1/62      AC:  5    Str: 27    XL:     6   Next: 66%
Magic:  5/5        EV:  8    Int:  4    God:
Gold:   227        SH:  8    Dex:  9    Spells: 5/5 levels left

rFire   . . .      SeeInvis .      - Unarmed
rCold   . . .      Faith    .    b - +0 kite shield
rNeg    . . .      Spirit   .    a - +0 robe
rPois   .          Reflect  .    (helmet restricted)
rElec   .          Rampage  .    n - +0 cloak
rCorr   .                        (gloves unavailable)
Will    +....                    (boots unavailable)
Stlth   +                        (no amulet)
HPRegen 1.10/turn                r - ring of willpower
MPRegen 0.09/turn                (no ring)

@: no status effects
A: large, unfitting armour, claws 3, regeneration 1, shaggy fur 1, tough skin 1
a: no special abilities


You were on level 5 of the Dungeon.
You visited 1 branch of the dungeon, and saw 6 of its levels.

You collected 227 gold pieces.

Inventory:

Hand Weapons
 w - a +0 giant club
Missiles
 h - 21 stones (quivered)
 x - 4 large rocks
Armour
 a - a +0 robe (worn)
 b - a +0 kite shield (worn)
 e - a +0 tower shield
 n - a +0 cloak (worn)
Jewellery
 r - a ring of willpower (left claw)
 s - a ring of positive energy
Scrolls
 f - a scroll of amnesia {unknown}
 g - 5 scrolls of identify {unknown}
 i - 2 scrolls of magic mapping {unknown}
 m - 3 scrolls of teleportation {unknown}
 o - a scroll of vulnerability {unknown}
 p - a scroll of blinking {unknown}
 t - a scroll of fog {unknown}
 v - a scroll of silence {unknown}
Potions
 c - a potion of might
 d - 2 potions of magic {unknown}
 j - a potion of curing {unknown}
 k - 2 potions of cancellation {unknown}
 l - 4 potions of resistance {unknown}
 q - a potion of degeneration {unknown}
 u - a potion of experience {unknown}


   Skills:
 + Level 3.7 Fighting
 + Level 2.6 Armour
 - Level 2.4 Dodging
 + Level 4.1 Shields
 + Level 3.9 Unarmed Combat


You had 5 spell levels left.
You didn't know any spells.
Your spell library contained the following spells:

 Spells                   Type           Power      Damage    Failure   Level
 Sandblast                Erth           0%         2d4       78%         1
 Cigotuvi's Dreadful Rot  Necr/Pois/Air  0%         N/A       89%         2
 Passwall                 Tmut/Erth      0%         N/A       89%         2
 Inner Flame              Hex/Fire       0%         N/A       98%         3
 Stone Arrow              Conj/Erth      0%         3d7       98%         3
 Animate Armour           Summ/Erth      0%         N/A       100%        4
 Dispel Undead            Necr           0%         3d6       100%        4
 Flame Wave               Conj/Fire      0%         2d4       100%        4
 Sticky Flame             Conj/Fire      0%         2d3       100%        4
 Death Channel            Necr           0%         N/A       100%        6
 Lehudib's Crystal Spear  Conj/Erth      0%         10d2      100%        8


Dungeon Overview and Level Annotations

Branches:
Dungeon (6/15)
 Temple: D:4-7

Altars:
Dithmenos
Gozag
Uskayaw
Lugonu

Portals:
Abyss: D:3


Innate Abilities, Weirdness & Mutations

You are too large for most types of armour.
You have claws for hands.
Your natural rate of healing is unusually fast.
You are covered in fur. (AC +1)
You have tough skin. (AC +1)


Message History

The gnoll sergeant barely misses you. The gnoll hits you with a +0 whip.
You scratch the gnoll sergeant.
The gnoll sergeant is heavily wounded.
The gnoll hits you with a +0 whip.
The gnoll hits you from afar with a +0 halberd.
You barely miss the gnoll. You block the gnoll's attack.
The gnoll hits you from afar with a +0 halberd!
The gnoll hits you with a +0 whip.
You closely miss the gnoll sergeant.
The gnoll sergeant is heavily wounded.
You block the gnoll's attack. x3
The gnoll sergeant hits you with a +0 spear!
You claw the gnoll sergeant!
The gnoll sergeant is severely wounded.
The gnoll barely misses you.
The gnoll hits you from afar with a +0 halberd.
* * * LOW HITPOINT WARNING * * *
The gnoll sergeant closely misses you. You block the gnoll's attack.
You claw the gnoll sergeant!
You kill the gnoll sergeant!
The gnoll hits you with a +0 whip. You block the gnoll's attack.
The gnoll hits you from afar with a +0 halberd.
* * * LOW HITPOINT WARNING * * *
You claw the gnoll!
The gnoll is severely wounded.
The gnoll hits you with a +0 whip.
* * * LOW HITPOINT WARNING * * *
You block the gnoll's attack.
You completely miss the gnoll.
The gnoll is severely wounded.
You block the gnoll's attack.
The gnoll hits you from afar with a +0 halberd.
* * * LOW HITPOINT WARNING * * *
You block the gnoll's attack. The gnoll hits you with a +0 whip.
* * * LOW HITPOINT WARNING * * *
You closely miss the gnoll. The gnoll hits you with a +0 whip!
* * * LOW HITPOINT WARNING * * *
The gnoll hits you from afar with a +0 halberd!
You die...

#...#
#...#
#...#
#...#
#...#
#...#
#...#
#...#
#@g.#
#.g.#
+...'g..#
#...#...#
#...##.##
#.. .#
#.. .# #.
.# #. .#


You could see 3 gnolls.

Vanquished Creatures
  An ogre (D:4)
  A gnoll sergeant (D:5)
  A scorpion (D:3)
  A jelly (D:3)
  Robin (D:3)
  5 gnolls
  2 adders
  2 white imps (D:5)
  A worm (D:2)
  3 dart slugs
  2 orcs
  13 endoplasms
  A giant cockroach (D:1)
  12 goblins
  9 hobgoblins
  4 jackals (D:1)
  3 quokkas
  10 ball pythons
  7 bats
  8 frilled lizards
  8 kobolds
  3 rats
  A lurking horror (D:3)
99 creatures vanquished.

Vanquished Creatures (others)
  2 lurking horrors (D:3)
2 creatures vanquished.

Grand Total: 101 creatures vanquished

Notes
Turn   | Place    | Note
-------+----------+-------------------------------------------
     0 | D:1      | NotreDorf the Troll Fighter began the quest for the Orb.
     0 | D:1      | Reached XP level 1. HP: 22/22 MP: 0/0
   164 | D:1      | Reached XP level 2. HP: 25/29 MP: 1/1
   355 | D:1      | Reached skill level 3 in Shields
   402 | D:1      | Reached XP level 3. HP: 36/36 MP: 2/2
   801 | D:1      | Reached skill level 1 in Armour
  1247 | D:2      | Reached XP level 4. HP: 44/44 MP: 3/3
  1498 | D:3      | Reached XP level 5. HP: 49/53 MP: 4/4
  1523 | D:3      | Noticed Robin
  1542 | D:3      | Killed Robin
  1671 | D:3      | Found a large runed translucent door.
  1673 | D:3      | Found a large runed translucent door.
  1691 | D:3      | Found a shadowy altar of Dithmenos.
  1724 | D:3      | Found a corrupted altar of Lugonu.
  1725 | D:3      | Found a one-way gate to the infinite horrors of the Abyss.
  1989 | D:3      | Found a hide-covered altar of Uskayaw.
  1995 | D:3      | Found an opulent altar of Gozag.
  2075 | D:4      | Noticed an ogre
  2081 | D:4      | Killed an ogre
  2082 | D:4      | Reached XP level 6. HP: 61/61 MP: 5/5
  2126 | D:4      | You fall into a shaft and drop 2 floors!
  2137 | D:5      | Entered Level 5 of the Dungeon
  2331 | D:5      | Reached skill level 4 in Shields
  2416 | D:5      | Slain by a gnoll

Illustrated notes

Levels and vault maps discovered:
D:1:      dpeg_arrival_court, layout_basic
D:2:      layout_rooms, serial_park_tiny_pond, corexii_item_surrounded_by_moat,
          kennysheep_generic_room_16
D:3:      layout_rooms, mainiacjoe_overflow_alcove_2, jmf_multi_god_temple2,
          amcnicky_altar_lugonu_corruption, uniq_robin
D:4:      layout_basic
D:5:      layout_basic, minmay_temple_entry_fiery, kb_lookout_dungeons_type,
          uniq_prince_ribbit1, uniq_duvessa, uniq_grinder
D:6:      layout_gridville, mainiacjoe_overflow_concentric_impassable,
          kennysheep_mini_moat

Skill      XL: |  1  2  3  4  5  6 |
---------------+-------------------+-----
Shields        | 3 4 |  4.1
Armour         | 1 2 |  2.6
Fighting       | 3 |  3.7
Unarmed Combat | 3 |  3.9
Dodging        | |  2.4

Action                     |  1- 3 |  4- 6 || total
---------------------------+-------+-------++-------
  Melee: Unarmed           |   120 |   114 ||   234
  Throw: Stone             |       |    10 ||    10
   Stab: Sleeping          |     1 |     1 ||     2
 Armour: Robe              |    37 |    29 ||    66
  Dodge: Dodged            |    29 |    39 ||    68
  Block: Kite shield       |    33 |    55 ||    88

Table legend: (Time is in decaauts)
 A = Elapsed time spent in this place.
 B = Non-inter-level travel time spent in this place.
 C = Inter-level travel time spent in this place.
 D = Time resting spent in this place.
 E = Time spent auto-exploring this place.
 F = Levels seen in this place.
 G = Mean time per level.
                   A        B        C        D        E       F      G
               +--------+--------+--------+--------+--------+-----+--------+
         Total |   2436 |   2334 |    102 |    207 |   1418 |   6 |  406.0 |
       Dungeon |   2436 |   2334 |    102 |    207 |   1418 |   6 |  406.0 |
               +--------+--------+--------+--------+--------+-----+--------+

Top non-repeatable levels by time:
     D:1: 856 daAuts
     D:3: 705 daAuts
     D:2: 498 daAuts
     D:5: 280 daAuts
     D:4: 84 daAuts
     D:6: 10 daAuts
